 Dungeon Crawl Stone Soup version 0.28-a0-906-g0406aca7d3 (webtiles) character file.

Game seed: 12342841898790256672

38 kae the Ruffian (level 3, -1/28 HPs)
             Began as a Draconian Transmuter on Nov 23, 2021.
             Slain by an adder (4 damage)
             ... on level 2 of the Dungeon.
             The game lasted 00:00:42 (1231 turns).

kae the Ruffian (Draconian Transmuter)              Turns: 1231, Time: 00:00:43

Health: -1/28      AC:  5    Str: 12    XL:     3   Next: 25%
Magic:  6/6        EV: 12    Int: 14    God:
Gold:   22         SH:  0    Dex: 11    Spells: 2/6 levels left

rFire   . . .      SeeInvis .     - Unarmed
rCold   . . .      Faith    .   (no shield)
rNeg    . . .      Spirit   .   (armour unavailable)
rPois   .          Reflect  .   (helmet restricted)
rElec   .          Harm     .   (no cloak)
rCorr   .          Rampage  .   (no gloves)
Will    .....                   (no boots)
Stlth   +.........              (no amulet)
HPRegen 0.09/turn               (no ring)
MPRegen 0.10/turn               (no ring)

@: no status effects
A: AC +5, unfitting armour, cold-blooded, mutation resistance 1
a: no special abilities


You were on level 2 of the Dungeon.
You visited 1 branch of the dungeon, and saw 2 of its levels.

You collected 22 gold pieces.

You aren't carrying anything.


   Skills:
 + Level 1.6 Fighting
 + Level 2.1 Dodging
 * Level 3.5 Unarmed Combat
 + Level 2.2 Spellcasting
 + Level 2.4 Transmutations
 * Level 0.0 Poison Magic


You had 2 spell levels left.
You knew the following spells:

 Your Spells              Type           Power      Damage    Failure   Level
a - Beastly Appendage     Tmut           16%        N/A       9%          1
b - Spider Form           Tmut/Pois      4%         N/A       38%         3

Your spell library contained the following spells:

 Spells                   Type           Power      Damage    Failure   Level
 Wereblood                Tmut           8%         N/A       13%         2
 Inner Flame              Hex/Fire       1%         N/A       56%         3
 Ice Form                 Ice/Tmut       4%         N/A       80%         4
 Cause Fear               Hex            0%         N/A       93%         4
 Discord                  Hex            0%         N/A       100%        8


Dungeon Overview and Level Annotations

Branches:
Dungeon (2/15)

Altars:


Innate Abilities, Weirdness & Mutations

Your plain brown scales are hard. (AC +5)
You cannot fit into any form of body armour.
You are cold-blooded and may be slowed by cold attacks.
You are somewhat resistant to further mutation.


Message History

The rat barely misses you. The hobgoblin closely misses you.
The adder bites you. The endoplasm freezes you.
You are frozen.
You feel yourself slow down. The adder bites you.
* * * LOW HITPOINT WARNING * * *
You are poisoned.
The adder poisons you!
You feel sick.
The endoplasm hits you but does no damage.
The adder closely misses you.
You feel sick. The adder misses you.
You feel sick.
You are no longer poisoned.
The adder closely misses you.
Really quaff the potion of mutation?
You feel extremely strange.
You feel genetically stable.
Your horns disappear.
Your talons disappear.
You feel yourself speed up. The adder closely misses you. x2
You aren't carrying any scrolls.
You aren't carrying any potions.
Unknown command.
Casting: Beastly Appendage (safe; 9% risk of failure)
Confirm with . or Enter, or press ? or * to list all spells.
The spell is extremely dangerous to cast (38% risk of failure)!
Continue anyway? [Y]es or [N]o only, please.
The spell is extremely dangerous to cast (38% risk of failure)!
Continue anyway? [Y]es or [N]o only, please.
The spell is extremely dangerous to cast (38% risk of failure)!
Continue anyway?
Okay, then.
You miss the adder. Your punch misses the adder. The adder misses you.
You hit the adder.
The adder is moderately wounded.
The adder completely misses you.
You hit the adder.
The adder is severely wounded.
The adder bites you.
You die...

#.#.###.##.#..#
..#....$........#
.#.............#
...........##.#
#..#####..## #..#
#..# #..# #..#
#..#####r.##
#....@SJg..#
##.#####...####.##.
#.# #....†......
#.# #..#########
#.###.#####..#
#....†.......#
#.#####.###.##
#.....# #..####


You could see an adder, an endoplasm, a hobgoblin and a rat.

Vanquished Creatures
  2 adders
  A dart slug (D:1)
  2 endoplasms (D:1)
  2 giant cockroaches (D:1)
  2 goblins (D:1)
  4 hobgoblins
  2 kobolds (D:1)
  A frilled lizard (D:1)
  A rat (D:1)
17 creatures vanquished.

Notes
Turn   | Place    | Note
-------+----------+-------------------------------------------
     0 | D:1      | kae the Draconian Transmuter began the quest for the Orb.
     0 | D:1      | Reached XP level 1. HP: 16/16 MP: 3/3
   272 | D:1      | Reached XP level 2. HP: 23/23 MP: 5/5
   941 | D:2      | Reached XP level 3. HP: 10/28 MP: 3/6
   945 | D:2      | Learned a level 3 spell: Spider Form
  1227 | D:2      | Gained mutation: You are somewhat resistant to further
                  | mutation. [potion of mutation]
  1231 | D:2      | Slain by an adder

Illustrated notes

Levels and vault maps discovered:
D:1:      minmay_arrival_four_loops, layout_rooms
D:2:      layout_loops_ring, basic_altar

Skill      XL: |  1  2 |
---------------+-------+-----
Dodging        | 2 |  2.1
Fighting       | |  1.6
Unarmed Combat | |  3.5
Spellcasting   | |  2.2
Transmutations | |  2.4

Action                   || total
-------------------------++-------
Melee: Unarmed           ||    63
       Tailslap          ||     5
       Kick              ||     7
       Headbutt          ||     5
       Punch             ||     1
 Cast: Beastly Appendage ||    13
  Use: Scroll            ||     4
       Potion            ||     2
Armor: Skin              ||    27
Dodge: Dodged            ||    58

Table legend: (Time is in decaauts)
 A = Elapsed time spent in this place.
 B = Non-inter-level travel time spent in this place.
 C = Inter-level travel time spent in this place.
 D = Time resting spent in this place.
 E = Time spent auto-exploring this place.
 F = Levels seen in this place.
 G = Mean time per level.
                   A        B        C        D        E       F      G
               +--------+--------+--------+--------+--------+-----+--------+
         Total |   1230 |   1205 |     25 |     27 |   1000 |   2 |  615.0 |
       Dungeon |   1230 |   1205 |     25 |     27 |   1000 |   2 |  615.0 |
               +--------+--------+--------+--------+--------+-----+--------+

Top non-repeatable levels by time:
     D:1: 909 daAuts
     D:2: 321 daAuts
